 Dungeon Crawl Stone Soup version 0.27-a0-789-g6bb3289e1e (webtiles) character file.

Game seed: 491536417179414241

285 dickylongcocking the Sneak (level 6, -7/51 HPs)
             Began as a Naga Arcane Marksman on Mar 26, 2021.
             Mangled by an ogre
             ... wielding a +0 giant club
              (21 damage)
             ... on level 4 of the Dungeon.
             The game lasted 00:04:29 (4212 turns).

dickylongcocking the Sneak (Naga Arcane Marksman)   Turns: 4212, Time: 00:04:29

Health: -7/51      AC:  4    Str: 12    XL:     6   Next: 29%
Magic:  5/7        EV: 10    Int: 14    God:
Gold:   193        SH:  0    Dex: 13    Spells: 3/7 levels left

rFire    . . .     SeeInvis +   i - +3 dagger (venom)
rCold    . . .     Faith    .   (no shield)
rNeg     . . .     Spirit   .   e - +0 robe
rPois    +         Reflect  .   r - +0 helmet
rElec    .         Harm     .   (no cloak)
rCorr    .         Rampage  .   (no gloves)
Will     .....                  (no barding)
Stlth    +++.......             m - amulet of the acrobat
HPRegen  0.17/turn              (no ring)
MPRegen  0.10/turn              (no ring)

@: short of breath, very slow
A: AC +2, large, see invisible, deformed body, poison resistance, slowness 2,
spit poison 1, naga tail 1
a: Spit Poison


You were on level 4 of the Dungeon.
You visited 1 branch of the dungeon, and saw 4 of its levels.

You collected 193 gold pieces.

Inventory:

Hand Weapons
 a - a +0 hand crossbow
 h - a +3 spear
 i - a +3 dagger of venom (weapon)
Missiles
 d - 9 bolts
Armour
 e - a +0 robe (worn)
 r - a +0 helmet (worn)
Jewellery
 m - an amulet of the acrobat (around neck)
Wands
 p - a wand of charming (3)
Scrolls
 b - 2 scrolls of teleportation {unknown}
 c - a scroll of summoning {unknown}
 f - a scroll of identify {unknown}
 j - a scroll of fog {unknown}
 k - a scroll of immolation {unknown}
 l - a scroll of enchant weapon {unknown}
 q - a scroll of silence {unknown}
 s - a scroll of noise {unknown}
 t - a scroll of magic mapping {unknown}
 v - a scroll of brand weapon {unknown}
Potions
 g - 2 potions of attraction {unknown}
 n - a potion of heal wounds {unknown}
 o - a potion of mutation {unknown}
 u - a potion of curing {unknown}


   Skills:
 - Level 1.1 Fighting
 * Level 4.2 Crossbows
 - Level 1.8 Dodging
 * Level 4.8 Stealth
 - Level 1.0 Spellcasting
 * Level 3.6 Hexes
 * Level 1.1 Translocations


You had 3 spell levels left.
You knew the following spells:

 Your Spells              Type           Power      Damage    Failure   Level
a - Corona                Hex            11%        N/A       6%          1
b - Portal Projectile     Hex/Tloc       14%        N/A       30%         3

Your spell library contained the following spells:

 Spells                   Type           Power      Damage    Failure   Level
 Slow                     Hex            10%        N/A       9%          2
 Confusing Touch          Hex            10%        N/A       19%         3
 Inner Flame              Hex/Fire       5%         N/A       36%         3
 Gell's Gravitas          Tloc           1%         N/A       45%         3
 Ozocubu's Armour         Ice            0%         N/A       61%         3
 Cause Fear               Hex            5%         N/A       52%         4
 Leda's Liquefaction      Hex/Erth       2%         N/A       77%         4
 Petrify                  Tmut/Erth      0%         N/A       95%         4
 Metabolic Englaciation   Hex/Ice        2%         N/A       98%         5
 Yara's Violent Unravell  Hex/Tmut       2%         3d3       98%         5
 Freezing Cloud           Conj/Ice/Air   0%         6-21      100%        6
 Ignition                 Fire           0%         3d3       100%        8


Dungeon Overview and Level Annotations

Branches:
Dungeon (4/15)
 Temple: D:4-7

Altars:
Ashenzari
Fedhas

Shops:
D:1 ?   D:2 ***[:   D:3 !


Innate Abilities, Weirdness & Mutations

Your serpentine skin is tough. (AC +2)
You have supernaturally acute eyesight. (SInv)
Armour fits poorly on your strangely shaped body.
Your system is resistant to poisons. (rPois)
You cover ground very slowly.
You can spit poison.
You have a snake-like lower body.


Message History

Aim: an ogre, wielding a +0 giant club (very poisoned)
The splash of poison misses the ogre.
The ogre barely misses you. The dart slug bites you.
Unknown command.
Unknown command.
Casting: Portal Projectile (dangerous; 30% risk of failure)
Confirm with . or Enter, or press ? or * to list all spells.
Aiming: Corona (safe; 6% risk of failure)
Press: ? - help, Shift-Dir - straight line, f/p - ogre
Aim: an ogre, wielding a +0 giant club (lightly wounded, very poisoned, chance to affect: 46%)
The ogre resists with significant effort.
The ogre closely misses you. The dart slug barely misses you.
Unknown command.
Unknown command.
Casting: Corona (safe; 6% risk of failure)
Confirm with . or Enter, or press ? or * to list all spells.
Aiming: Corona (safe; 6% risk of failure)
Press: ? - help, Shift-Dir - straight line, f/p - ogre
Aim: an ogre, wielding a +0 giant club (lightly wounded, very poisoned, chance to affect: 46%)
The ogre is outlined in light.
The ogre hits you with a +0 giant club!!
Unknown command.
Unknown command.
Okay, then.
Okay, then.
Aiming: Charm
Press: ? - help, Shift-Dir - straight line, f/p - ogre
Aim: an ogre, wielding a +0 giant club (lightly wounded, very poisoned, softly glowing, chance to affect: 46%)
The ogre resists with some effort.
The ogre hits you with a +0 giant club!
* * * LOW HITPOINT WARNING * * *
The dart slug launches a dart at you. The slug dart misses you.
Unknown command.
Unknown command.
Aiming: Charm
Press: ? - help, Shift-Dir - straight line, f/p - ogre
Aim: an ogre, wielding a +0 giant club (lightly wounded, very poisoned, softly glowing, chance to affect: 46%)
The ogre resists with some effort.
The ogre hits you with a +0 giant club!!
You die...

#.# #.......# ##.##
#.# ####.#### #.#
#.#######.###### #.#
#..............# #.#
#.....)#..####.# #.#
##.##.##..####.# #.#
#.##........#.###.###
#.#########..........
#...@O# #...####.##
#.#..w...###### #.#
#.#.####...# #.#
#.#.. #.. #.# ###..#
. #.# ##.# #[. .# .##
..


You could see an ogre (very poisoned, corona) and a dart slug.

Vanquished Creatures
  2 scorpions
  Jessica (D:3)
  6 adders
  2 worms
  A dart slug (D:1)
  5 orcs (D:3)
  5 ball pythons
  11 endoplasms
  11 goblins
  7 hobgoblins
  9 jackals
  3 kobolds
  4 quokkas (D:1)
  4 bats (D:2)
  6 frilled lizards
  3 rats
80 creatures vanquished.

Vanquished Creatures (collateral kills)
  2 hobgoblins (D:3)
  3 goblins (D:3)
5 creatures vanquished.

Vanquished Creatures (others)
  Robin (D:3)
1 creature vanquished.

Grand Total: 86 creatures vanquished

Notes
Turn   | Place    | Note
-------+----------+-------------------------------------------
     0 | D:1      | dickylongcocking the Naga Arcane Marksman began the quest
                  | for the Orb.
     0 | D:1      | Reached XP level 1. HP: 18/18 MP: 2/2
   112 | D:1      | Identified the Guide on the Frigorific Blaze
   494 | D:1      | Reached XP level 2. HP: 25/25 MP: 3/3
   636 | D:1      | Reached skill level 1 in Stealth
   707 | D:1      | Reached XP level 3. HP: 24/31 MP: 2/4
  1363 | D:1      | Found Baizotzi's Magic Scroll Boutique.
  1558 | D:2      | Found a blossoming altar of Fedhas.
  1670 | D:2      | Found Fiomn's Assorted Antiques.
  1674 | D:2      | Found Sexzyjea's Assorted Antiques.
  1851 | D:2      | Found a broken altar of Ashenzari.
  1916 | D:2      | Found Gijo's Antique Armour Boutique.
  1917 | D:2      | Found Vetorr's Book Shop.
  2004 | D:2      | Reached XP level 4. HP: 38/38 MP: 5/5
  2525 | D:2      | Found Yrasoe's Assorted Antiques.
  3133 | D:3      | Reached XP level 5. HP: 24/44 MP: 4/6
  3166 | D:3      | Noticed Jessica
  3229 | D:3      | Killed Jessica
  3338 | D:3      | Learned a level 3 spell: Portal Projectile
  3523 | D:3      | Noticed Robin
  3576 | D:3      | Your ally died
  3932 | D:3      | Found Loez's Distillery.
  4049 | D:3      | Reached XP level 6. HP: 51/51 MP: 7/7
  4161 | D:4      | Reached skill level 1 in Translocations
  4212 | D:4      | Mangled by an ogre

Illustrated notes

Levels and vault maps discovered:
D:1:      roderic_octagonal_star, layout_basic, serial_shops,
          nicolae_shop_behind_doors, minmay_stone_trees_small,
          minmay_misc_feat_pillars
D:2:      layout_basic, general_overflow_altar, marbit_many_paths, serial_shops,
          shop, shop, shop, nicolae_shop_waterfront, shop, skrybe_limestone_x
D:3:      layout_rooms, serial_shops, shop_statue, uniq_robin, uniq_jessica
D:4:      minmay_evil_eye, layout_loops_cross, nicolae_overflow_hidden_temple,
          st_stairs_7

Skill      XL: |  1  2  3  4  5  6 |
---------------+-------------------+-----
Crossbows      | 2 3 4 |  4.2
Stealth        | 1 2 3 4 |  4.8
Translocations | 1 |  1.1
Fighting       | |  1.1
Dodging        | |  1.8
Spellcasting   | |  1.0
Hexes          | |  3.6

Action                   |  1- 3 |  4- 6 || total
-------------------------+-------+-------++-------
Melee: Dagger            |    23 |    89 ||   112
       Spear             |     2 |       ||     2
 Fire: Hand crossbow     |    58 |    23 ||    81
 Cast: Corona            |     3 |     7 ||    10
       Portal Projectile |       |     1 ||     1
 Abil: Spit Poison       |     2 |     7 ||     9
Evoke: Wand              |       |     4 ||     4
  Use: Potion            |       |     1 ||     1
 Stab: Sleeping          |     1 |     7 ||     8
Armor: Robe              |    13 |    13 ||    26
       Skin              |       |    12 ||    12
Dodge: Dodged            |    27 |    79 ||   106

Table legend: (Time is in decaauts)
 A = Elapsed time spent in this place.
 B = Non-inter-level travel time spent in this place.
 C = Inter-level travel time spent in this place.
 D = Time resting spent in this place.
 E = Time spent auto-exploring this place.
 F = Levels seen in this place.
 G = Mean time per level.
                   A        B        C        D        E       F      G
               +--------+--------+--------+--------+--------+-----+--------+
         Total |   5079 |   4854 |    225 |    821 |   3304 |   4 | 1269.8 |
       Dungeon |   5079 |   4854 |    225 |    821 |   3304 |   4 | 1269.8 |
               +--------+--------+--------+--------+--------+-----+--------+

Top non-repeatable levels by time:
     D:1: 1793 daAuts
     D:2: 1764 daAuts
     D:3: 1339 daAuts
     D:4: 181 daAuts
